 Dungeon Crawl Stone Soup version 0.30-a0-691-g754fce4c43 (webtiles) character file.

Game seed: 6451783301266578074

53 garrulousMonolith the Digger (level 3, -1/20 HPs)
             Began as a Gargoyle Earth Elementalist on Jan 19, 2023.
             Slain by an iguana (5 damage)
             ... on level 3 of the Dungeon.
             The game lasted 00:01:56 (1488 turns).

garrulousMonolith the Digger (GrEE)                 Turns: 1488, Time: 00:01:56

Health: -1/20      AC:  7    Str: 11    XL:     3   Next: 87%
Magic:  1/6        EV: 11    Int: 17    God:
Gold:   85         SH:  0    Dex: 10    Spells: 0/6 levels left

rFire   . . .      SeeInvis .    k - +0 dagger
rCold   . . .      Faith    .    (no shield)
rNeg    + . .      Spirit   .    o - +0 leather armour
rPois   ∞          Reflect  .    (no helmet)
rElec   +          Harm     .    (no cloak)
rCorr   .          Rampage  .    m - +0 pair of gloves
Will    .....                    (no boots)
Stlth   ++                       (no amulet)
HPRegen 0.23/turn                (no ring)
MPRegen 0.10/turn                (no ring)

@: no status effects
A: sickness immunity, AC +3, negative energy resistance 1, electricity
resistance, torment resistance 1, petrification resistance
a: no special abilities


You were on level 3 of the Dungeon.
You visited 1 branch of the dungeon, and saw 3 of its levels.

You collected 85 gold pieces.

Inventory:

Hand Weapons
 f - a +0 hand axe
 k - a +0 dagger (weapon)
 r - a +0 sling
Armour
 a - a +0 robe
 m - a +0 pair of gloves (worn)
 o - a +0 leather armour (worn)
Jewellery
 p - a +4 ring of slaying
Wands
 n - a wand of polymorph (5)
Scrolls
 c - a scroll of poison {unknown}
 g - 3 scrolls of teleportation
 l - a scroll of acquirement {unknown}
 s - 2 scrolls of magic mapping
 t - a scroll of enchant weapon {unknown}
Potions
 b - a potion of magic
 e - a potion of cancellation
 h - a potion of degeneration {unknown}
 i - a potion of heal wounds {unknown}
 j - 2 potions of berserk rage
 q - a potion of might
 u - 2 potions of lignification


   Skills:
 + Level 1.1 Fighting
 + Level 0.9 Armour
 + Level 1.8 Dodging
 - Level 2.1 Stealth
 + Level 2.2 Spellcasting
 * Level 1.5 Conjurations
 - Level 1.0 Transmutations
 * Level 4.1 Earth Magic


You couldn't memorise any spells.
You knew the following spells:

 Your Spells              Type           Power      Damage    Failure   Level
a - Sandblast             Erth           32%        2d9       4%          1
b - Stone Arrow           Conj/Erth      22%        3d8       24%         3
c - Passwall              Tmut/Erth      8%         N/A       13%         2

Your spell library contained the following spells:

 Spells                   Type           Power      Damage    Failure   Level
 Wereblood                Tmut           5%         N/A       26%         2
 Kindle Blastsparks       Fire/Tloc/Air  2%         2d10      58%         3
 Petrify                  Tmut/Erth      10%        N/A       65%         4
 Lee's Rapid Deconstruct  Erth           8%         3d7*      77%         5
 Fulminant Prism          Conj/Hex       2%         3d5       88%         4
 Iskenderun's Mystic Bla  Conj/Tloc      4%         2d3       88%         4
 Summon Hydra             Summ           0%         N/A       100%        7
 Sublimation of Blood     Necr           Unusable   N/A       N/A         2

Dungeon Overview and Level Annotations

Branches:
Dungeon (3/15)

Altars:


Innate Abilities, Weirdness & Mutations

You are immune to sickness and miasma.
Your stone body is resilient. (AC +3)
You are immune to poison.
You resist negative energy. (rN+)
You are resistant to electric shocks. (rElec)
You are resistant to unholy torment.
You are immune to petrification.


Message History

Okay, then.
Casting: Stone Arrow (extremely dangerous; 24% risk of failure)
Confirm with . or Enter, or press ? or * to list all spells.
Aiming: Sandblast (safe; 4% risk of failure)
Press: ? - help, Shift-Dir - straight line, f - iguana
Aim: an iguana (84% to hit)
The blast of sand hits the iguana but does no damage.
Casting: Sandblast (safe; 4% risk of failure)
Confirm with . or Enter, or press ? or * to list all spells.
Aiming: Sandblast (safe; 4% risk of failure)
Press: ? - help, Shift-Dir - straight line, f/p - iguana
Aim: an iguana (84% to hit)
The blast of sand misses the iguana.
The iguana bites you!
Ouch! That really hurt!
Casting: Sandblast (safe; 4% risk of failure)
Confirm with . or Enter, or press ? or * to list all spells.
Aiming: Sandblast (safe; 4% risk of failure)
Press: ? - help, Shift-Dir - straight line, f/p - iguana
Aim: an iguana (84% to hit)
The blast of sand hits the iguana.
The iguana is heavily wounded.
The iguana completely misses you.
Casting: Sandblast (safe; 4% risk of failure)
Confirm with . or Enter, or press ? or * to list all spells.
Aiming: Sandblast (safe; 4% risk of failure)
Press: ? - help, Shift-Dir - straight line, f/p - iguana
Aim: an iguana (heavily wounded, 84% to hit)
The blast of sand hits the iguana.
The iguana is heavily wounded.
The iguana closely misses you. The iguana bites you!
* * * LOW HITPOINT WARNING * * *
Casting: Sandblast (safe; 4% risk of failure)
Confirm with . or Enter, or press ? or * to list all spells.
Aiming: Sandblast (safe; 4% risk of failure)
Press: ? - help, Shift-Dir - straight line, f/p - iguana
Aim: an iguana (heavily wounded, 84% to hit)
The blast of sand hits the iguana but does no damage.
The iguana is heavily wounded.
The iguana bites you.
You die...

#.###########..#
#....l@.<......#
#########..[....
.####.# .# .# .#
.# .#


You could see an iguana.

Vanquished Creatures
  3 adders (D:2)
  A dart slug (D:1)
  An endoplasm (D:1)
  3 giant cockroaches
  2 goblins (D:2)
  A hobgoblin (D:1)
  2 kobolds (D:1)
  A quokka (D:1)
  4 ball pythons
  4 bats
  A rat (D:1)
23 creatures vanquished.

Notes
Turn   | Place    | Note
-------+----------+-------------------------------------------
     0 | D:1      | garrulousMonolith the Gargoyle Earth Elementalist began the
                  | quest for the Orb.
     0 | D:1      | Reached XP level 1. HP: 10/10 MP: 3/3
   197 | D:1      | Found a faded altar of an unknown god.
   459 | D:1      | Reached XP level 2. HP: 16/16 MP: 3/5
   999 | D:2      | Reached skill level 1 in Conjurations
   999 | D:2      | Reached skill level 1 in Transmutations
   999 | D:2      | Reached skill level 4 in Earth Magic
   999 | D:2      | Reached XP level 3. HP: 20/20 MP: 4/6
  1006 | D:2      | Learned a level 3 spell: Stone Arrow
  1009 | D:2      | Learned a level 2 spell: Passwall
  1049 | D:2      | Reached skill level 1 in Fighting
  1488 | D:3      | Slain by an iguana

Illustrated notes

Levels and vault maps discovered:
D:1:      dpeg_arrival_orchard, layout_loops_corners,
          shapermc_ecumenical_altar_mp_urbaneastern
D:2:      layout_rooms
D:3:      kennysheep_goblin_castle, layout_loops_ring, serial_bayou_pond_a

Skill      XL: |  1  2  3 |
---------------+----------+-----
Conjurations   | 1 |  1.5
Transmutations | 1 |  1.0
Earth Magic    | 4 |  4.1
Fighting       | 1 |  1.1
Armour         | |  0.9
Dodging        | |  1.8
Stealth        | |  2.1
Spellcasting   | |  2.2

Action                   || total
-------------------------++-------
 Cast: Sandblast         ||    38
  Use: Scroll            ||     6
Armor: Robe              ||     2
Dodge: Dodged            ||     9

Table legend: (Time is in decaauts)
 A = Elapsed time spent in this place.
 B = Non-inter-level travel time spent in this place.
 C = Inter-level travel time spent in this place.
 D = Time resting spent in this place.
 E = Time spent auto-exploring this place.
 F = Levels seen in this place.
 G = Mean time per level.
                   A        B        C        D        E       F      G
               +--------+--------+--------+--------+--------+-----+--------+
         Total |   1505 |   1483 |     22 |     33 |   1230 |   3 |  501.7 |
       Dungeon |   1505 |   1483 |     22 |     33 |   1230 |   3 |  501.7 |
               +--------+--------+--------+--------+--------+-----+--------+

Top non-repeatable levels by time:
     D:1: 946 daAuts
     D:2: 549 daAuts
     D:3: 8 daAuts
